General information
- name: BNet
- type: Ladder team game (AT/RT)
- host: Battle.net
- saver:
map: Deadlock
- players: 8
- length: 39:45
- speed: Fast
- version: 1.26 W3XP
- replay type: Public
» download(240 KB)
Players
team 1 (winner)

»
fum123 (
orange | 141 APM | 5106 actions | 36:15)
4 Far Seer
2 Feral Spirit
2 Chain Lighting
3 Tauren Chieftain
2 Endurance Aura
1 War Stomp
1 Mountain King
1 Storm Bolt
» actions
| Assign group hotkey | 35 | |
| Basic commands | 267 | |
| Build / train | 74 | |
| Enter build submenu | 38 | |
| Enter hero's abilities submenu | 8 | |
| Give item / drop item | 4 | |
| Right click | 1162 | |
| Select / deselect | 497 | |
| Select group hotkey | 2899 | |
| Use ability | 122 | |
5106 total
» units
| Peon | 14 | |
| Grunt | 9 | |
| Shaman | 4 | |
| Troll Witch Doctor | 4 | |
| Acolyte | 6 | |
| Ghoul | 2 | |
39 total
» upgrades
| Melee Weapons | 2 | |
| Armor | 2 | |
| Witch Doctor Training | 3 | |
| Shaman Training | 2 | |
| Spirit Walker Training | 1 | |
| Berserker Strength | 1 | |
11 total
» buildings
| Altar of Storms | 2 | |
| Orc Burrow | 10 | |
| Barracks | 1 | |
| Voodoo Lounge | 2 | |
| War Mill | 1 | |
| Stronghold | 1 | |
| Spirit Lodge | 2 | |
| Fortress | 2 | |
| Watch Tower | 3 | |
| Necropolis | 2 | |
| Ziggurat | 9 | |
| Nerubian Tower | 2 | |
| Crypt | 1 | |
| Graveyard | 1 | |
| Altar of Darkness | 1 | |
40 total
» build order
00:06 Altar of Storms
00:09 Orc Burrow
00:20 Barracks
01:21 Orc Burrow
02:31 Voodoo Lounge
03:57 Orc Burrow
04:00 War Mill
04:31 Stronghold
05:00 Orc Burrow
05:58 Orc Burrow
07:47 Voodoo Lounge
07:56 Spirit Lodge
08:00 Spirit Lodge
08:56 Orc Burrow
09:36 Fortress
09:55 Watch Tower
10:05 Orc Burrow
11:03 Watch Tower
11:11 Orc Burrow
13:14 Watch Tower
16:33 Altar of Storms
18:50 Orc Burrow
20:07 Orc Burrow
26:29 Necropolis
26:31 Ziggurat
26:33 Ziggurat
26:47 Ziggurat
26:49 Ziggurat
28:03 Nerubian Tower
29:05 Ziggurat
29:06 Ziggurat
30:26 Necropolis
34:20 Ziggurat
34:23 Crypt
34:33 Graveyard
34:37 Altar of Darkness
35:16 Nerubian Tower
35:18 Ziggurat
35:22 Ziggurat
» items
| Healing Salve | 2 | |
| Lesser Clarity Potion | 2 | |
| Scroll of Speed | 1 | |
| Orb of Fire | 1 | |
6 total
wannagetfuqdbro (
teal | 29 APM | 665 actions | 22:58)
5 Death Knight
3 Death Coil
2 Unholy Aura
» actions
| Basic commands | 15 | |
| Build / train | 50 | |
| Enter build submenu | 24 | |
| Enter hero's abilities submenu | 5 | |
| Remove unit from queue | 4 | |
| Right click | 361 | |
| Select / deselect | 171 | |
| Use ability | 35 | |
665 total
» units
| Acolyte | 19 | |
| Ghoul | 5 | |
| Crypt Fiend | 8 | |
32 total
» upgrades
| Creature Attack | 1 | |
| Creature Carapace | 1 | |
| Web | 1 | |
3 total
» buildings
| Ziggurat | 9 | |
| Crypt | 1 | |
| Altar of Darkness | 2 | |
| Graveyard | 1 | |
| Tomb of Relics | 1 | |
| Halls of the Dead | 2 | |
| Sacrificial Pit | 1 | |
| Black Citadel | 1 | |
| Necropolis | 2 | |
| Boneyard | 2 | |
| Nerubian Tower | 1 | |
| Spirit Tower | 4 | |
27 total
» build order
00:13 Ziggurat
00:18 Ziggurat
00:22 Crypt
00:36 Altar of Darkness
00:43 Graveyard
01:06 Altar of Darkness
01:49 Ziggurat
02:55 Ziggurat
03:37 Tomb of Relics
04:45 Halls of the Dead
06:51 Ziggurat
06:53 Ziggurat
07:12 Sacrificial Pit
07:19 Black Citadel
08:14 Necropolis
10:05 Boneyard
10:06 Boneyard
10:41 Nerubian Tower
10:42 Spirit Tower
17:00 Necropolis
17:04 Ziggurat
17:05 Ziggurat
17:08 Ziggurat
17:33 Spirit Tower
17:35 Spirit Tower
21:30 Spirit Tower
» items
LoveFlows (
yellow | 67 APM | 1542 actions | 22:55)
5 Paladin
2 Holy Light
3 Divine Shield
2 Mountain King
1 Storm Bolt
1 Bash
» actions
| Assign group hotkey | 45 | |
| Basic commands | 110 | |
| Build / train | 74 | |
| ESC pressed | 1 | |
| Enter build submenu | 33 | |
| Enter hero's abilities submenu | 7 | |
| Give item / drop item | 3 | |
| Remove unit from queue | 1 | |
| Right click | 474 | |
| Select / deselect | 239 | |
| Select group hotkey | 468 | |
| Use ability | 87 | |
1542 total
» units
| Peasant | 17 | |
| Footman | 9 | |
| Razormane Medicine Man | 1 | |
| Siege Engine | 8 | |
35 total
» upgrades
| Lumber Harvesting | 1 | |
| Barrage | 1 | |
| Gunpowder | 3 | |
5 total
» buildings
| Altar of Kings | 1 | |
| Farm | 13 | |
| Barracks | 1 | |
| Scout Tower | 9 | |
| Arcane Tower | 2 | |
| Arcane Vault | 1 | |
| Keep | 1 | |
| Blacksmith | 1 | |
| Town Hall | 1 | |
| Lumber Mill | 1 | |
| Castle | 1 | |
| Workshop | 3 | |
| Guard Tower | 2 | |
37 total
» build order
00:10 Altar of Kings
00:14 Farm
00:25 Barracks
00:53 Farm
01:38 Farm
01:53 Farm
02:18 Scout Tower
02:48 Arcane Tower
03:02 Arcane Vault
04:00 Keep
04:34 Blacksmith
05:57 Town Hall
06:03 Scout Tower
06:10 Farm
06:14 Farm
06:26 Farm
06:44 Lumber Mill
07:00 Scout Tower
07:02 Arcane Tower
07:49 Farm
07:54 Scout Tower
08:27 Farm
08:33 Scout Tower
09:05 Castle
09:41 Workshop
09:59 Workshop
11:31 Farm
11:32 Farm
12:10 Workshop
12:14 Farm
12:36 Guard Tower
13:29 Farm
14:50 Scout Tower
15:06 Scout Tower
15:10 Scout Tower
15:46 Guard Tower
15:48 Scout Tower
» items
| Lesser Clarity Potion | 4 | |
| Scroll of Regeneration | 3 | |
| Potion of Healing | 6 | |
| Potion of Mana | 5 | |
18 total
DRAGONBALL-GOKU (
purple | 74 APM | 2943 actions | 39:45)
4 Mountain King
3 Storm Bolt
1 Bash
» actions
| Assign group hotkey | 75 | |
| Basic commands | 168 | |
| Build / train | 84 | |
| Enter build submenu | 26 | |
| Enter hero's abilities submenu | 4 | |
| Give item / drop item | 2 | |
| Remove unit from queue | 1 | |
| Right click | 1222 | |
| Select / deselect | 413 | |
| Select group hotkey | 868 | |
| Use ability | 80 | |
2943 total
» units
| Peasant | 23 | |
| Footman | 4 | |
| Gryphon Rider | 15 | |
| Mortar Team | 10 | |
52 total
» upgrades
| Masonry | 3 | |
| Lumber Harvesting | 2 | |
| Magic Sentry | 1 | |
| Gunpowder | 1 | |
| Barrage | 1 | |
| Flare | 1 | |
9 total
» buildings
| Altar of Kings | 1 | |
| Barracks | 1 | |
| Farm | 11 | |
| Scout Tower | 8 | |
| Lumber Mill | 1 | |
| Arcane Tower | 1 | |
| Arcane Vault | 1 | |
| Town Hall | 3 | |
| Keep | 2 | |
| Guard Tower | 3 | |
| Castle | 1 | |
| Gryphon Aviary | 3 | |
| Arcane Sanctum | 1 | |
| Blacksmith | 1 | |
| Workshop | 3 | |
41 total
» build order
00:08 Altar of Kings
00:23 Barracks
00:37 Farm
00:52 Farm
01:38 Scout Tower
01:47 Lumber Mill
02:33 Arcane Tower
03:08 Farm
03:31 Arcane Vault
04:39 Town Hall
04:41 Scout Tower
04:42 Scout Tower
04:42 Scout Tower
05:03 Keep
05:49 Guard Tower
06:38 Scout Tower
06:39 Scout Tower
06:39 Scout Tower
06:40 Scout Tower
07:15 Guard Tower
07:38 Guard Tower
08:04 Castle
08:27 Gryphon Aviary
09:10 Gryphon Aviary
09:14 Farm
09:14 Farm
09:15 Farm
11:14 Farm
11:17 Farm
12:32 Arcane Sanctum
14:14 Town Hall
15:17 Blacksmith
17:38 Gryphon Aviary
19:56 Keep
22:36 Farm
22:36 Farm
22:37 Farm
24:04 Workshop
24:21 Workshop
25:26 Workshop
30:26 Town Hall
» items
| Scroll of Regeneration | 3 | |
| Lesser Clarity Potion | 2 | |
| Staff of Teleportation | 1 | |
| Potion of Lesser Invulnerability | 1 | |
| Scroll of Town Portal | 2 | |
9 total
team 2 (loser)

»
kOnViCt. (
red | 96 APM | 1100 actions | 11:28)
2 Death Knight
1 Death Coil
1 Unholy Aura
1 Lich
1 Frost Nova
» actions
| Assign group hotkey | 93 | |
| Basic commands | 111 | |
| Build / train | 34 | |
| ESC pressed | 1 | |
| Enter build submenu | 11 | |
| Enter hero's abilities submenu | 3 | |
| Right click | 508 | |
| Select / deselect | 185 | |
| Select group hotkey | 103 | |
| Use ability | 51 | |
1100 total
» units
| Acolyte | 8 | |
| Ghoul | 4 | |
| Crypt Fiend | 8 | |
20 total
» buildings
| Altar of Darkness | 1 | |
| Crypt | 1 | |
| Ziggurat | 5 | |
| Graveyard | 1 | |
| Tomb of Relics | 1 | |
| Nerubian Tower | 1 | |
| Halls of the Dead | 2 | |
| Black Citadel | 3 | |
15 total
» build order
00:37 Altar of Darkness
00:40 Crypt
00:42 Ziggurat
01:08 Graveyard
01:16 Ziggurat
01:36 Tomb of Relics
03:02 Nerubian Tower
04:13 Ziggurat
05:00 Ziggurat
05:17 Halls of the Dead
06:59 Ziggurat
08:55 Black Citadel
08:55 Black Citadel
08:55 Black Citadel
» items
| Rod of Necromancy | 1 | |
| Potion of Healing | 2 | |
3 total
iPlay2MakeUmad (
green | 53 APM | 1850 actions | 34:53)
7 Archmage
3 Blizzard
3 Brilliance Aura
1 Mass Teleport
» actions
| Assign group hotkey | 1 | |
| Basic commands | 52 | |
| Build / train | 75 | |
| ESC pressed | 7 | |
| Enter build submenu | 30 | |
| Enter hero's abilities submenu | 7 | |
| Give item / drop item | 1 | |
| Right click | 994 | |
| Select / deselect | 552 | |
| Select group hotkey | 2 | |
| Use ability | 128 | |
1850 total
» units
| Peasant | 10 | |
| Siege Engine | 6 | |
| Mortar Team | 7 | |
23 total
» upgrades
| Masonry | 1 | |
| Gunpowder | 3 | |
| Barrage | 1 | |
| Plating | 3 | |
| Armor | 1 | |
| Fragmentation Shards | 1 | |
10 total
» buildings
| Altar of Kings | 1 | |
| Farm | 12 | |
| Scout Tower | 8 | |
| Arcane Tower | 2 | |
| Lumber Mill | 1 | |
| Guard Tower | 5 | |
| Arcane Vault | 1 | |
| Keep | 1 | |
| Blacksmith | 1 | |
| Castle | 1 | |
| Workshop | 3 | |
| Town Hall | 3 | |
39 total
» build order
00:05 Altar of Kings
00:37 Farm
01:01 Scout Tower
01:34 Arcane Tower
02:36 Scout Tower
02:40 Lumber Mill
03:03 Arcane Tower
03:05 Scout Tower
03:37 Scout Tower
03:42 Guard Tower
04:35 Guard Tower
04:37 Arcane Vault
04:42 Scout Tower
04:45 Scout Tower
04:52 Farm
05:12 Guard Tower
05:16 Scout Tower
05:54 Farm
05:55 Guard Tower
06:19 Farm
06:22 Scout Tower
06:26 Keep
06:51 Guard Tower
06:53 Farm
06:59 Blacksmith
08:20 Farm
08:24 Farm
09:05 Castle
09:08 Workshop
09:13 Workshop
10:46 Workshop
10:50 Farm
13:10 Farm
18:05 Farm
18:09 Farm
22:07 Farm
25:51 Town Hall
26:01 Town Hall
30:34 Town Hall
» items
| Periapt of Vitality | 2 | |
| Boots of Speed | 1 | |
| Staff of Teleportation | 2 | |
| Mechanical Critter | 6 | |
| Lesser Clarity Potion | 5 | |
| Scroll of Regeneration | 5 | |
| Potion of Lesser Invulnerability | 2 | |
| Scroll of Town Portal | 1 | |
| Healing Salve | 1 | |
25 total
FUC.KSHlTUP (
blue | 85 APM | 1520 actions | 17:48)
4 Archmage
2 Blizzard
2 Brilliance Aura
» actions
| Assign group hotkey | 43 | |
| Basic commands | 20 | |
| Build / train | 113 | |
| ESC pressed | 3 | |
| Enter build submenu | 39 | |
| Enter hero's abilities submenu | 4 | |
| Give item / drop item | 2 | |
| Right click | 470 | |
| Select / deselect | 233 | |
| Select group hotkey | 487 | |
| Use ability | 106 | |
1520 total
» units
| Peasant | 22 | |
| Footman | 3 | |
| Sorceress | 1 | |
26 total
» upgrades
| Masonry | 3 | |
| Swords | 1 | |
| Armor | 1 | |
| Lumber Harvesting | 2 | |
| Sorceress Training | 1 | |
| Magic Sentry | 1 | |
9 total
» buildings
| Altar of Kings | 1 | |
| Barracks | 1 | |
| Farm | 5 | |
| Lumber Mill | 1 | |
| Arcane Vault | 1 | |
| Town Hall | 2 | |
| Keep | 5 | |
| Blacksmith | 1 | |
| Castle | 3 | |
| Scout Tower | 24 | |
| Guard Tower | 42 | |
| Arcane Sanctum | 1 | |
87 total
» build order
00:49 Altar of Kings
00:52 Barracks
00:55 Farm
01:05 Farm
01:07 Farm
01:23 Lumber Mill
02:41 Farm
03:51 Arcane Vault
04:26 Town Hall
04:28 Keep
04:29 Keep
04:29 Keep
04:48 Blacksmith
08:02 Town Hall
08:11 Castle
08:12 Castle
08:23 Scout Tower
08:23 Scout Tower
08:25 Scout Tower
08:28 Scout Tower
08:30 Scout Tower
08:34 Scout Tower
08:35 Scout Tower
08:38 Scout Tower
08:41 Scout Tower
08:50 Guard Tower
08:51 Guard Tower
08:51 Guard Tower
08:52 Guard Tower
08:58 Guard Tower
09:06 Guard Tower
09:06 Guard Tower
09:07 Guard Tower
09:07 Guard Tower
09:45 Guard Tower
09:45 Guard Tower
09:45 Guard Tower
09:47 Guard Tower
09:47 Guard Tower
11:00 Arcane Sanctum
11:05 Scout Tower
11:07 Scout Tower
11:09 Scout Tower
11:12 Scout Tower
11:13 Scout Tower
11:14 Scout Tower
11:14 Scout Tower
12:19 Guard Tower
12:20 Guard Tower
12:43 Scout Tower
12:44 Scout Tower
12:47 Scout Tower
12:49 Scout Tower
12:53 Scout Tower
12:59 Guard Tower
12:59 Guard Tower
13:16 Guard Tower
13:16 Guard Tower
13:22 Guard Tower
13:22 Guard Tower
13:30 Guard Tower
13:40 Guard Tower
13:40 Guard Tower
13:40 Guard Tower
14:09 Guard Tower
15:11 Scout Tower
15:13 Scout Tower
15:19 Scout Tower
15:48 Farm
16:00 Guard Tower
16:01 Guard Tower
16:01 Guard Tower
16:34 Keep
» items
| Staff of Teleportation | 1 | |
| Boots of Speed | 1 | |
| Scroll of Regeneration | 6 | |
| Potion of Invisibility | 5 | |
13 total
Wild_Bunch (
pink | 56 APM | 2232 actions | 39:45)
9 Blademaster
3 Wind Walk
3 Critical Strike
1 Bladestorm
2 Mirror Image
» actions
| Assign group hotkey | 44 | |
| Basic commands | 41 | |
| Build / train | 92 | |
| Enter build submenu | 37 | |
| Enter hero's abilities submenu | 9 | |
| Give item / drop item | 10 | |
| Right click | 981 | |
| Select / deselect | 387 | |
| Select group hotkey | 487 | |
| Use ability | 144 | |
2232 total
» units
| Peon | 14 | |
| Grunt | 4 | |
| Troll Batrider | 17 | |
| Raider | 8 | |
43 total
» upgrades
| Ranged Weapons | 3 | |
| Armor | 3 | |
| Troll Regeneration | 1 | |
| Liquid Fire | 1 | |
| Reinforced Defenses | 1 | |
| Melee Weapons | 3 | |
| Ensnare | 1 | |
| Pillage | 1 | |
| Spiked Barricades | 1 | |
| Envenomed Spears | 1 | |
16 total
» buildings
| Altar of Storms | 1 | |
| Barracks | 1 | |
| Orc Burrow | 3 | |
| Stronghold | 1 | |
| War Mill | 3 | |
| Great Hall | 4 | |
| Voodoo Lounge | 1 | |
| Watch Tower | 19 | |
| Beastiary | 4 | |
| Fortress | 1 | |
38 total
» build order
00:16 Altar of Storms
00:20 Barracks
00:44 Orc Burrow
01:32 Orc Burrow
02:59 Stronghold
04:33 War Mill
04:57 Great Hall
05:02 Voodoo Lounge
05:23 Orc Burrow
06:58 Watch Tower
06:58 Watch Tower
06:58 Watch Tower
06:59 Watch Tower
08:05 Beastiary
08:09 Beastiary
08:11 Beastiary
08:44 Watch Tower
08:48 Watch Tower
08:51 Watch Tower
08:52 Watch Tower
10:20 Fortress
12:37 War Mill
17:35 Watch Tower
17:37 Watch Tower
18:40 Beastiary
21:12 War Mill
27:57 Great Hall
30:03 Watch Tower
30:04 Watch Tower
30:04 Watch Tower
30:04 Watch Tower
30:49 Great Hall
30:52 Watch Tower
30:53 Watch Tower
30:53 Watch Tower
30:53 Watch Tower
30:54 Watch Tower
31:52 Great Hall
» items
| Healing Salve | 7 | |
| Boots of Speed | 1 | |
| Periapt of Vitality | 1 | |
| Lesser Clarity Potion | 5 | |
| Potion of Mana | 2 | |
| Scroll of Town Portal | 2 | |
| Orb of Lightning | 1 | |
| Potion of Healing | 1 | |
| Staff of Teleportation | 1 | |
21 total
Chat log
(00:13 / Allies) fum123: hi
(00:18 / Allies) LoveFlows: hi vum
(00:19 / Allies) DRAGONBALL-GOKU: hello friends
(00:25 / Allies) wannagetfuqdbro: HELLO
(00:39 / Allies) LoveFlows: lets 2x split rass?
(00:45 / Allies) DRAGONBALL-GOKU: id prefer to cc
(00:49 / Allies) wannagetfuqdbro: word
(00:57 / Allies) LoveFlows: vum, cum with me
(01:01 / Allies) fum123: i creep
(01:03 / Allies) fum123: expo
(01:31 / Allies) LoveFlows: vum, cum this way
(01:31 / All) DRAGONBALL-GOKU: ill show u no quarter, green
(01:36 / Allies) fum123: kk
(01:47 / Allies) LoveFlows: ive went pally
(01:49 / Allies) LoveFlows: so i can tank your bm
(02:02 / Allies) LoveFlows: you did go bm...
(02:13 / All) FUC.KSHlTUP: lol
(02:14 / All) LoveFlows: waht a freakin moron
(02:44 / Allies) LoveFlows: go go
(02:53 / Allies) LoveFlows: acos
(02:54 / Allies) LoveFlows: get acos
(02:57 / All) FUC.KSHlTUP: WTF
(03:10 / All) wannagetfuqdbro: fuck shit up
(03:18 / Allies) LoveFlows: acos
(03:25 / Allies) wannagetfuqdbro: purp u ready?
(03:36 / Allies) DRAGONBALL-GOKU: can i get an expo first?
(03:47 / Allies) wannagetfuqdbro: goigogogoogo
(03:48 / Allies) wannagetfuqdbro: wquivck
(04:07 / All) FUC.KSHlTUP: Ally getting rushed? TIME TO CREEP
(04:23 / Allies) DRAGONBALL-GOKU: i got griffs
(04:28 / Allies) LoveFlows: im b
(04:32 / Allies) wannagetfuqdbro: les gooo
(04:37 / Allies) LoveFlows: good rass
(04:39 / Allies) LoveFlows: heal, then hit again
(04:41 / Allies) wannagetfuqdbro: our ntime to shine princess
(05:07 / Allies) wannagetfuqdbro: i have more fiends than u have foots hows that possible
(05:14 / Allies) DRAGONBALL-GOKU: i got harassed
(05:16 / Allies) wannagetfuqdbro: an ur following...
(05:19 / Allies) wannagetfuqdbro: your melee lead
(05:20 / Allies) wannagetfuqdbro: wtf
(05:31 / Allies) DRAGONBALL-GOKU: ignore him
(05:38 / Allies) DRAGONBALL-GOKU: come man
(05:49 / Allies) wannagetfuqdbro: i just took 400 gold there
(05:50 / Allies) wannagetfuqdbro: worth it
(05:54 / All) Wild_Bunch: my guys just fucking stopped
(06:13 / All) iPlay2MakeUmad: see ya
(06:15 / All) wannagetfuqdbro: udnno why
(06:29 / All) wannagetfuqdbro: lol that only lastts so llong bud, good waste of resources
(06:37 / All) iPlay2MakeUmad: ur pro
(07:11 / All) iPlay2MakeUmad: need more to sourond purple
(07:19 / All) iPlay2MakeUmad: Çyu should stop mh and focus more
(08:34 / All) Wild_Bunch: fiend bot faggot
(08:46 / Allies) wannagetfuqdbro: yooo they got critters running hte map
(08:47 / Allies) DRAGONBALL-GOKU: wood plz
(08:49 / Allies) wannagetfuqdbro: kill animals
(09:52 / All) wannagetfuqdbro: lol gj cost yuou more than u did me
(10:03 / All) Wild_Bunch: I have 2.5k lol
(10:13 / All) wannagetfuqdbro: hahahahahha thanks for telling me you're a noob
(10:50 / All) FUC.KSHlTUP: wyrmbot
(10:55 / All) Wild_Bunch: no gold for j00
(10:57 / Allies) DRAGONBALL-GOKU: WOOD
(11:13 / Allies) wannagetfuqdbro: these fuckers wont stop killing my acos so im not leaving my base for a few
(11:21 / All) LoveFlows: game
(11:29 / All) wannagetfuqdbro: scrubs on scrubs
(11:41 / All) Wild_Bunch: fucking jerk! left with all the lumber in the world!
(11:44 / All) wannagetfuqdbro: harasss isnt important after 5 minutes lol
(12:15 / All) iPlay2MakeUmad: free eexp ty purp
(12:21 / All) iPlay2MakeUmad: u could have killed ur self
(12:40 / All) iPlay2MakeUmad: grifs is nice
(12:53 / Allies) LoveFlows: tannks
(13:11 / All) wannagetfuqdbro: lol opink ur such a noob
(13:18 / All) wannagetfuqdbro: gonna waste all my attention on an expo with 1 unit
(13:19 / All) iPlay2MakeUmad: blue got 7 k
(13:21 / All) Wild_Bunch: no expo for you LOL
(13:25 / All) FUC.KSHlTUP: and no wood
(13:27 / All) FUC.KSHlTUP: 25 wood son
(13:29 / All) wannagetfuqdbro: thats okay...
(13:33 / All) wannagetfuqdbro: no win for u
(13:34 / All) wannagetfuqdbro: lol
(13:35 / All) wannagetfuqdbro: idiot
(13:38 / All) iPlay2MakeUmad: thats 4 sure
(13:55 / All) wannagetfuqdbro: pink an blue fucked it up for u guys
(13:56 / Allies) LoveFlows: charge em
(14:02 / All) wannagetfuqdbro: red didnt stand achace casue oj an yella
(14:29 / All) wannagetfuqdbro: how are you guys so amazing..????
(14:31 / All) wannagetfuqdbro: lol gg
(14:33 / All) wannagetfuqdbro: noobs
(14:43 / All) Wild_Bunch: no gold for teal :)
(14:54 / All) wannagetfuqdbro: thats okay, i have units that u havent even touched lol
(15:12 / All) iPlay2MakeUmad: ur bored of tlaking?
(15:18 / All) iPlay2MakeUmad: and nobody readin?
(15:41 / All) LoveFlows: (farts on noobz)
(15:47 / All) wannagetfuqdbro: lol
(15:50 / All) wannagetfuqdbro: this is fun
(16:14 / All) wannagetfuqdbro: why dont u guys leave instead of wasting our time :P
(17:04 / All) FUC.KSHlTUP: how hte hell did you see that
(17:11 / All) wannagetfuqdbro: noob........
(17:16 / All) wannagetfuqdbro: bahahahhaha, dust
(17:19 / All) wannagetfuqdbro: you fucking nigger
(17:26 / All) FUC.KSHlTUP: o
(18:22 / All) wannagetfuqdbro: noob
(18:26 / All) wannagetfuqdbro: x 6
(18:30 / All) Wild_Bunch: hhehe
(19:04 / Allies) wannagetfuqdbro: spare gold?
(19:21 / Allies) fum123: w
(19:24 / Allies) fum123: why purple
(19:32 / Allies) wannagetfuqdbro: purp what are u doing
(19:43 / Allies) LoveFlows: hes a bser
(19:49 / Allies) wannagetfuqdbro: wttttf
(19:54 / Allies) wannagetfuqdbro: can u just win this game so we can go
(19:56 / Allies) wannagetfuqdbro: like wtf
(19:59 / Allies) wannagetfuqdbro: is this childish shit
(20:01 / Allies) fum123: go undead
(20:09 / All) iPlay2MakeUmad: if we win this u fucking sucks
(20:11 / Allies) wannagetfuqdbro: they keep fucking my wholle base up
(20:17 / All) wannagetfuqdbro: lol purples backstabbing
(20:19 / All) wannagetfuqdbro: lol
(20:22 / All) iPlay2MakeUmad: well
(20:25 / All) iPlay2MakeUmad: fair game
(20:31 / All) wannagetfuqdbro: NOT EVEN
(20:37 / All) wannagetfuqdbro: weve won fair an square
(20:44 / All) iPlay2MakeUmad: u lost vro..
(20:49 / All) iPlay2MakeUmad: blue was doing shit
(20:50 / Allies) wannagetfuqdbro: till this fuck found out he had his first pube
(20:51 / All) iPlay2MakeUmad: 8 k gold
(21:00 / All) wannagetfuqdbro: ur noob
(21:05 / All) iPlay2MakeUmad: i own u
(21:09 / All) wannagetfuqdbro: LOL
(21:13 / All) wannagetfuqdbro: YOU DONT OWN ANYONE
(21:17 / All) iPlay2MakeUmad: exceot u
(21:20 / All) wannagetfuqdbro: were all distracted by purple
(21:21 / All) wannagetfuqdbro: faggot
(21:30 / All) iPlay2MakeUmad: cause u suck
(21:34 / All) iPlay2MakeUmad: a pro focus
(21:56 / All) iPlay2MakeUmad: rdy for a wave?
(22:10 / All) wannagetfuqdbro: purples a cunt
(22:16 / All) wannagetfuqdbro: we were just about to win an he does this
(22:20 / All) wannagetfuqdbro: you got lucky you little prick
(22:23 / All) iPlay2MakeUmad: u suck
(22:27 / All) wannagetfuqdbro: fuck all of you except oj an yellow
(22:29 / All) iPlay2MakeUmad: u got lucky 3 vs 4
(22:38 / All) wannagetfuqdbro: an green, youre fucking the biggest noob besides blue
(22:39 / All) wannagetfuqdbro: stfu
(22:42 / All) wannagetfuqdbro: you fucking idiot
(22:43 / All) wannagetfuqdbro: lol
(22:43 / All) iPlay2MakeUmad: u losing
(22:45 / All) iPlay2MakeUmad: :)
(22:46 / All) wannagetfuqdbro: you sound fucking stupid
(22:49 / All) LoveFlows: enjoy the wait
(22:54 / All) iPlay2MakeUmad: dude
(22:55 / All) wannagetfuqdbro: you fucking cunt
(22:58 / All) Wild_Bunch: teal is such a cry baby
(24:01 / All) iPlay2MakeUmad: purple u mad?
(25:25 / All) iPlay2MakeUmad: lolol
(25:36 / All) iPlay2MakeUmad: u can quit
(27:35 / Allies) DRAGONBALL-GOKU: protect my bse from green
(27:57 / All) iPlay2MakeUmad: so hows the mh
(28:37 / All) iPlay2MakeUmad: chaase me
(33:33 / All) iPlay2MakeUmad: wow
(33:35 / All) iPlay2MakeUmad: did u tp me?
(34:57 / All) Wild_Bunch: lawl
(35:05 / All) Wild_Bunch: He wanted 100 gold for a hero
(35:10 / All) Wild_Bunch: I only have 24k not enough to spare
(35:33 / Allies) fum123: why
(35:41 / All) Wild_Bunch: only orange is left
(36:12 / All) Wild_Bunch: what kind of stuff did teal say in allies
(36:29 / All) DRAGONBALL-GOKU: i wasnt paying attention, i was busting my ass dealing with green and dealing wiht my allies
(37:18 / All) DRAGONBALL-GOKU: i dont care who wins or loses
(37:26 / All) Wild_Bunch: orange gotta get that loss, and teal
(37:31 / All) Wild_Bunch: oh
(37:34 / All) Wild_Bunch: yeah teal gotta get that loss
(37:52 / All) DRAGONBALL-GOKU: oh teal whispered his clan leaders got my ip address
(37:58 / All) Wild_Bunch: lol
(38:09 / All) Wild_Bunch: screen shot it
(38:29 / All) Wild_Bunch: I only had 6 towers at my main and it was never touched
(38:32 / All) DRAGONBALL-GOKU: lol
(38:34 / All) DRAGONBALL-GOKU: hes in clan toke
(38:44 / All) DRAGONBALL-GOKU: we own his clan leader all the time, chronictoke
(38:52 / All) Wild_Bunch: green had a pig in your base
(39:10 / All) DRAGONBALL-GOKU: i kileld it yet but he was harassing me all game
(39:17 / All) DRAGONBALL-GOKU: i had to worry about him and deal with my allies
(39:20 / All) Wild_Bunch: it's there
(39:30 / All) DRAGONBALL-GOKU: he put multiple ones then
(39:33 / All) DRAGONBALL-GOKU: everyone left who gets the loss
(39:41 / All) Wild_Bunch: teal